 Dungeon Crawl Stone Soup version 0.30.1 (webtiles) character file.

Game seed: 11194268214662128002

7415 sakkuzi the Basher (level 11, -3/71 HPs)
             Began as a Gargoyle Fighter on July 12, 2023.
             Was a High Priest of Okawaru.
             Slain by an eight-headed hydra (8 damage)
             ... on level 10 of the Dungeon.
             The game lasted 00:27:14 (9403 turns).

sakkuzi the Basher (Gargoyle Fighter)               Turns: 9403, Time: 00:27:14

Health: -3/71      AC: 27    Str: 19    XL:     11   Next: 14%
Magic:  9/11       EV: 15    Int: 10    God:    Okawaru [*****.]
Gold:   597        SH:  7    Dex: 13    Spells: 10/10 levels left

rFire   . . .        a - +1 flail
rCold   . . .        c - +0 buckler
rNeg    + . .        A - +0 chain mail
rPois   ∞            (helmet restricted)
rElec   +            (no cloak)
rCorr   .            F - +1 pair of gloves
SInv    .            l - +2 pair of boots
Will    .....        b - amulet of the acrobat Stlth
                     h - +5 ring of evasion
HPRegen 0.31/turn    (no ring)
MPRegen 0.12/turn

%: acrobat
@: heroic
A: sickness immunity, AC +8, negative energy resistance 1, electricity
resistance, torment resistance 1, petrification resistance, horns 1
a: Renounce Religion, Heroism, Finesse, Duel


You were on level 10 of the Dungeon.
You worshipped Okawaru.
Okawaru was extremely pleased with you.
You visited 2 branches of the dungeon, and saw 12 of its levels.

You collected 597 gold pieces.

Inventory:

Hand Weapons
 a - a +1 flail (weapon)
Missiles
 e - 93 stones (quivered)
 n - a throwing net
Armour
 c - a +0 buckler (worn)
 l - a +2 pair of boots (worn)
 A - a +0 chain mail (worn)
 F - a +1 pair of gloves (worn)
Jewellery
 b - an amulet of the acrobat (around neck)
 h - a +5 ring of evasion (left hand)
 E - a ring of protection from cold
Wands
 f - a wand of flame (6)
 k - a wand of polymorph (12)
 s - a wand of mindburst (16)
 t - a wand of roots (6)
 D - a wand of paralysis (22)
Scrolls
 g - 2 scrolls of teleportation
 i - a scroll of poison
 m - 2 scrolls of fog
 p - 3 scrolls of enchant weapon
 q - a scroll of magic mapping {unknown}
 w - a scroll of brand weapon {unknown}
Potions
 d - a potion of might
 j - 6 potions of flight
 o - 2 potions of attraction
 r - a potion of curing
 u - a potion of berserk rage
 v - 2 potions of lignification
 x - 3 potions of invisibility
 z - 2 potions of brilliance {unknown}
 B - 4 potions of haste {unknown}
 C - a potion of mutation
 G - a potion of degeneration {unknown}
 H - a potion of magic {unknown}
 I - a potion of heal wounds


   Skills:
 + Level 9.1(14.1) Fighting
 * Level 10.8(15.8) Maces & Flails
 + Level 9.0(14.0) Armour
 + Level 9.0(14.0) Shields


You had 10 spell levels left.
You didn't know any spells.
Your spell library contained the following spells:

 Spells                   Type           Power      Damage    Failure   Level
 Sandblast                Erth           0%         2d4       91%         1
 Passwall                 Tmut/Erth      0%         N/A       97%         2
 Hailstorm                Conj/Ice       0%         3d3       99%         3
 Stone Arrow              Conj/Erth      0%         3d7       99%         3
 Ice Form                 Ice/Tmut       0%         N/A       100%        4
 Olgreb's Toxic Radiance  Pois           0%         N/A       100%        4
 Iskenderun's Battlesphe  Conj           0%         2d6       100%        5
 Iron Shot                Conj/Erth      0%         9d1       100%        6
 Discord                  Hex            0%         N/A       100%        8
 Ignition                 Fire           0%         3d3       100%        8
 Simulacrum               Ice/Necr       Unusable   N/A       N/A         6
 Spellforged Servitor     Conj/Summ      Unusable   N/A       N/A         7

Dungeon Overview and Level Annotations

Branches:
Dungeon (11/15)            Temple (1/1) D:5            Lair (0/5) D:8
    Orc: D:9-12

Altars:
Ashenzari
Cheibriados
Dithmenos
Elyvilon
Fedhas
Gozag
Hepliaklqana
Kikubaaqudgha
Makhleb
Nemelex Xobeh
Okawaru
Ru
Sif Muna
Trog
Uskayaw
Vehumet
Wu Jian
Xom
Yredelemnul
Zin
The Shining One

Shops:
D:1 =


Innate Abilities, Weirdness & Mutations

You are immune to sickness and miasma.
Your stone body is resilient. (AC +8)
You are immune to poison.
You resist negative energy. (rN+)
You are resistant to electric shocks. (rElec)
You are resistant to unholy torment.
You are immune to petrification.
You have a pair of small horns on your head.


Message History

The eight-headed hydra is moderately wounded.
The eight-headed hydra bites you but does no damage. x2
The eight-headed hydra barely misses you.
You block the eight-headed hydra's attack.
The eight-headed hydra closely misses you.
The eight-headed hydra misses you.
The eight-headed hydra closely misses you.
The eight-headed hydra bites you but does no damage.
You bludgeon the eight-headed hydra!!
Your headbutt misses the eight-headed hydra.
The eight-headed hydra is severely wounded.
You block the eight-headed hydra's attack. x2
The eight-headed hydra bites you!
The eight-headed hydra bites you but does no damage.
The eight-headed hydra barely misses you.
The eight-headed hydra bites you!
The eight-headed hydra bites you but does no damage.
The eight-headed hydra bites you.
You hit the eight-headed hydra. You headbutt the eight-headed hydra.
The eight-headed hydra is severely wounded.
You sock the eight-headed hydra!
The eight-headed hydra is almost dead.
The eight-headed hydra bites you.
* * * LOW HITPOINT WARNING * * *
The eight-headed hydra barely misses you.
You block the eight-headed hydra's attack. x2
The eight-headed hydra bites you but does no damage.
The eight-headed hydra closely misses you.
The eight-headed hydra misses you.
The eight-headed hydra barely misses you.
You hit the eight-headed hydra but do no damage.
The eight-headed hydra is almost dead.
The eight-headed hydra bites you.
* * * LOW HITPOINT WARNING * * *
The eight-headed hydra bites you!
* * * LOW HITPOINT WARNING * * *
The eight-headed hydra bites you but does no damage.
The eight-headed hydra closely misses you.
The eight-headed hydra misses you. The eight-headed hydra bites you!
You die...

############ #############
#..........###...........#
#.>........+.#..>........#
#..<.......#.#...........#
#..........#.#...........# ##
#..........#@#....[......###.
#..........#D#...........##.†
#..........#Oy...........'..♣
######'#######>.........†#...
#...# #####'#######.#.
####'####### #...# #...
#..........# ###.# ###.
#..........# #.# .
#.........^# #####.######.♣


You could see an eight-headed hydra, an ogre mage and a killer bee.

Vanquished Creatures
  2 two-headed ogres
  An elephant (D:8)
  Psyche (D:8)
  A komodo dragon (D:9)
  9 yaks
  A basilisk (D:8)
  A steam dragon (D:10)
  Menkaure (D:6)
  A vampire mosquito (D:10)
  2 acid dragons
  3 water moccasins
  2 sky beasts (D:7)
  An ice beast (D:7)
  A black bear (D:8)
  An ogre (D:6)
  3 centaurs
  A phantom (D:5)
  A bullfrog (D:8)
  5 scorpions
  7 wights
  14 killer bees
  5 howler monkeys
  5 hounds
  4 jellies
  A gnoll bouda (D:3)
  4 orc priests
  4 iguanas
  2 sleepcaps
  Robin (D:3)
  4 adders
  12 gnolls
  2 shadow imps
  A white imp (D:8)
  An ufetubus (D:6)
  15 orcs
  12 endoplasms
  A giant cockroach (D:3)
  13 goblins
  5 hobgoblins
  7 jackals
  12 kobolds
  6 quokkas
  4 ball pythons
  6 bats
  4 frilled lizards
  6 rats
196 creatures vanquished.

Vanquished Creatures (others)
  An orc wizard (D:8)
1 creature vanquished.

Grand Total: 197 creatures vanquished

Notes
Turn   | Place    | Note
-------+----------+-------------------------------------------
     0 | D:1      | sakkuzi the Gargoyle Fighter began the quest for the Orb.
     0 | D:1      | Reached XP level 1. HP: 14/14 MP: 1/1
   169 | D:1      | Reached XP level 2. HP: 19/19 MP: 2/2
   332 | D:1      | Found Omnosof's Jewellery Shop.
   450 | D:1      | Reached XP level 3. HP: 22/23 MP: 3/3
   750 | D:2      | Found a faded altar of an unknown god.
   770 | D:2      | Reached XP level 4. HP: 7/29 MP: 4/4
  1077 | D:2      | Reached skill level 3 in Maces & Flails
  1204 | D:2      | Reached XP level 5. HP: 29/33 MP: 5/5
  1998 | D:3      | Noticed Robin
  2052 | D:3      | Killed Robin
  2176 | D:3      | Found a shimmering altar of Xom.
  2283 | D:3      | Reached skill level 4 in Maces & Flails
  2283 | D:3      | Reached XP level 6. HP: 28/39 MP: 6/6
  3258 | D:4      | Noticed a black bear
  3270 | D:5      | Entered Level 5 of the Dungeon
  3270 | D:5      | Noticed a water moccasin
  3293 | D:5      | Killed a water moccasin
  3294 | D:5      | Reached XP level 7. HP: 21/44 MP: 7/7
  3389 | D:5      | Reached skill level 5 in Fighting
  3389 | D:5      | Reached skill level 5 in Armour
  3389 | D:5      | Reached skill level 5 in Shields
  3407 | D:5      | Reached skill level 5 in Maces & Flails
  3514 | D:5      | Reached XP level 8. HP: 22/50 MP: 8/8
  3748 | D:5      | Reached skill level 6 in Maces & Flails
  3868 | D:5      | Found a staircase to the Ecumenical Temple.
  3878 | Temple   | Entered the Ecumenical Temple
  3926 | Temple   | Became a worshipper of Warmaster Okawaru
  4604 | D:6      | Noticed Menkaure
  4627 | D:6      | Killed Menkaure
  4713 | D:6      | Reached * piety under Okawaru
  5362 | D:7      | Reached skill level 7 in Maces & Flails
  5373 | D:7      | Reached XP level 9. HP: 56/56 MP: 9/9
  5626 | D:7      | Reached ** piety under Okawaru
  6009 | D:7      | Reached skill level 8 in Maces & Flails
  6793 | D:8      | Reached *** piety under Okawaru
  6879 | D:8      | Noticed Psyche
  6905 | D:8      | Killed Psyche
  6906 | D:8      | Reached skill level 9 in Maces & Flails
  6906 | D:8      | Reached XP level 10. HP: 58/64 MP: 10/10
  7141 | D:8      | Noticed an elephant
  7216 | D:7      | Gained mutation: You are frail. (-10% HP) [potion of
                  | mutation]
  7216 | D:7      | Gained mutation: Your movements are slightly less
                  | encumbered by armour. (ER -2) [potion of mutation]
  7217 | D:7      | Lost mutation: Your movements are slightly less encumbered
                  | by armour. (ER -2) [potion of mutation]
  7217 | D:7      | Lost mutation: You are frail. (-10% HP) [potion of
                  | mutation]
  7217 | D:7      | Gained mutation: You have a pair of small horns on your
                  | head. [potion of mutation]
  7392 | D:8      | Found a staircase to the Lair.
  7502 | D:8      | Killed an elephant
  7610 | D:8      | Reached **** piety under Okawaru
  7922 | D:9      | Found a shimmering blue altar of Sif Muna.
  8276 | D:9      | Reached skill level 10 in Maces & Flails
  8439 | D:9      | Noticed a two-headed ogre
  8456 | D:9      | Killed a two-headed ogre
  8464 | D:10     | Entered Level 10 of the Dungeon
  8472 | D:10     | Reached ***** piety under Okawaru
  9012 | D:10     | Noticed a two-headed ogre
  9119 | D:10     | Killed a two-headed ogre
  9120 | D:10     | Reached XP level 11. HP: 71/71 MP: 8/11
  9253 | D:10     | Noticed an ogre mage
  9280 | D:10     | Noticed an eight-headed hydra
  9403 | D:10     | Slain by an eight-headed hydra

Illustrated notes

Levels and vault maps discovered:
D:1:      sevenhm_arrival_forest_fort_large_4, layout_basic, serial_shops,
          nicolae_shop_tiny_waterfront, minmay_pentomino_z4
D:2:      cheibrodos_fertilizer, layout_basic,
          hellmonk_ecumenical_altar_blasted, hangedman_decor_riveting
D:3:      layout_loops_ring, mainiacjoe_overflow_cross_hatched, uniq_robin
D:4:      layout_loops_ring, uniq_grinder
D:5:      layout_basic, minmay_temple_entry_statues_pillars
D:6:      cheibrodos_helix_gallery, layout_basic, uniq_menkaure
D:7:      layout_loops_cross, nicolae_benzene_ring
D:8:      layout_basic, david_lair_generic, minivault_19, st_stairs_14,
          uniq_psyche
D:9:      layout_loops_ring, lemuel_crystal_altar, kennysheep_generic_room_14
D:10:     layout_roguey, muffindrake_ghost_dual_entry, kb_rosetta
D:11:     layout_loops_ring, hiddenorc1_lemuel, uniq_harold
Temple:   nicolae_temple_bog_church

Skill      XL: |  1  2  3  4  5  6  7  8  9 10 11 |
---------------+----------------------------------+-----
Maces & Flails | 3 4 5 7 9 10 | 10.8
Fighting       | 4 5 6 7 9 |  9.1
Armour         | 4 5 6 7 8 9 |  9.0
Shields        | 4 5 6 7 8 9 |  9.0

Action                     |  1- 3 |  4- 6 |  7- 9 | 10-12 || total
---------------------------+-------+-------+-------+-------++-------
  Melee: Flail             |    97 |   253 |   360 |   248 ||   958
         Headbutt          |       |       |       |    55 ||    55
 Invoke: Heroism           |       |       |     1 |     2 ||     3
    Use: Potion            |     1 |     3 |     4 |     5 ||    13
         Scroll            |       |     8 |     4 |    10 ||    22
   Stab: Petrified         |       |       |       |     4 ||     4
 Armour: Scale mail        |    68 |   128 |   114 |       ||   310
         Chain mail        |       |       |    91 |   169 ||   260
  Dodge: Dodged            |    64 |   139 |   163 |   262 ||   628
  Block: Buckler           |    26 |    63 |    83 |   106 ||   278
